 Dungeon Crawl Stone Soup version 0.29.1-15-g9cfb28693d (webtiles) character file.

Game seed: 18394635122312844639

831 unlimited1921 the Magician (level 8, -6/50 HPs)
             Began as a Djinni Fire Elementalist on Apr 6, 2023.
             Was a Follower of Fedhas.
             Mangled by Menkaure (7 damage)
             ... on level 5 of the Dungeon.
             The game lasted 00:25:12 (8616 turns).

unlimited1921 the Magician (DjFE)                   Turns: 8616, Time: 00:25:15

Health: -6/50      AC:  4    Str:  7    XL:     8   Next: 18%
Gold:   60         EV: 12    Int: 19    God:    Fedhas [*.....] SH:  0 Dex: 14

rFire   + + .      SeeInvis .   (no weapon)
rCold   x . .      Faith    .   (no shield)
rNeg    + . .      Spirit   .   k - +0 leather armour
rPois   ∞          Reflect  .   l - +0 helmet of Words of Power {rElec rCorr}
rElec   +          Harm     .   (no cloak)
rCorr   +          Rampage  .   (no gloves)
Will    .....                   (boots unavailable)
Stlth   ++........              (no amulet)
HPRegen 0.16/turn               i - ring of positive energy
MPRegen 0.00/turn               (no ring)

@: flying, very slightly contaminated
A: sickness immunity, fire resistance 2, cold vulnerability 1, float, innate
caster, HP casting, extra vitality 1
a: Renounce Religion


You were on level 5 of the Dungeon.
You worshipped Fedhas.
Fedhas was aware of your devotion.
You visited 1 branch of the dungeon, and saw 6 of its levels.

You collected 277 gold pieces.
You spent 217 gold pieces at shops.

Inventory:

Hand Weapons
 e - a +1 rapier of draining
 m - a +0 short sword of protection
 s - a +0 trident
 u - a +1 hand axe of freezing
Missiles
 q - 5 boomerangs
 t - 8 poisoned darts
Armour
 k - a +0 leather armour (worn)
 l - the +0 helmet of Words of Power (worn) {rElec rCorr}
   (You found it on level 3 of the Dungeon)

   rElec:     It insulates you from electricity.
   rCorr:     It protects you from acid and corrosion.
Jewellery
 i - a ring of positive energy (left hand)
Wands
 a - a wand of flame (4) (quivered)
Scrolls
 b - 3 scrolls of fog
 c - a scroll of vulnerability {unknown}
 g - 4 scrolls of teleportation {unknown}
 n - 5 scrolls of enchant weapon
 o - a scroll of poison
 r - a scroll of fear
 w - a scroll of blinking {unknown}
 x - a scroll of silence {unknown}
Potions
 d - 2 potions of brilliance {unknown}
 f - 2 potions of cancellation {unknown}
 h - 3 potions of degeneration {unknown}
 j - a potion of haste
 p - a potion of mutation
 v - a potion of attraction {unknown}
 z - a potion of magic {unknown}


   Skills:
 + Level 3.3 Armour
 + Level 2.8 Dodging
 + Level 3.4 Stealth
 + Level 5.7 Spellcasting
 + Level 0.3 Evocations


You couldn't memorise any spells.
You knew the following spells:

 Your Spells              Type           Power      Damage    Failure   Level
a - Foxfire               Conj/Fire      100%       2x1d9     1%          1
b - Scorch                Fire           54%        2d8       2%          2
c - Conjure Flame         Conj/Fire      27%        6-21      4%          3
d - Inner Flame           Hex/Fire       27%        N/A       4%          3
e - Flame Wave            Conj/Fire      27%        2d9       16%         4
f - Freeze                Ice            100%       1d11      1%          1
g - Poisonous Vapours     Pois/Air       54%        N/A       2%          2
h - Stone Arrow           Conj/Erth      54%        3d10      4%          3
Your spell library was empty.

Dungeon Overview and Level Annotations

Branches:
Dungeon (6/15)
 Temple: D:4-7

Altars:
Ashenzari
Fedhas
Hepliaklqana
Qazlal

Shops:
D:4 ?

Annotations:
D:5 Menkaure


Innate Abilities, Weirdness & Mutations

You are immune to sickness and miasma.
You are immune to poison.
Your flesh is very heat resistant. (rF++)
You are vulnerable to cold. (rC-)
You float through the air rather than walking.
You learn spells naturally, not from books.
Your magical power is your life essence.
You have superior vitality. (+4 MHP)


Message History

Casting: Flame Wave (quite dangerous; 16% risk of failure)
Confirm with . or Enter, or press ? or * to list all spells.
Aiming: Freeze (safe; 1% risk of failure)
Press: ? - help, Shift-Dir - straight line, f/p - Menkaure
Aim: Menkaure (moderately damaged)
You freeze Menkaure.
Menkaure resists.
Menkaure is heavily damaged.
Menkaure casts a spell.
Menkaure seems to speed up.
Casting: Freeze (safe; 1% risk of failure)
Confirm with . or Enter, or press ? or * to list all spells.
Aiming: Freeze (safe; 1% risk of failure)
Press: ? - help, Shift-Dir - straight line, f/p - Menkaure
Aim: Menkaure (heavily damaged, fast)
You freeze Menkaure.
Menkaure resists.
Menkaure is heavily damaged.
Menkaure hits you!!
* * * LOW HITPOINT WARNING * * *
Casting: Freeze (safe; 1% risk of failure)
Confirm with . or Enter, or press ? or * to list all spells.
Aiming: Freeze (safe; 1% risk of failure)
Press: ? - help, Shift-Dir - straight line, f/p - Menkaure
Aim: Menkaure (heavily damaged, fast)
You freeze Menkaure.
Menkaure resists.
Menkaure is heavily damaged.
* * * LOW HITPOINT WARNING * * *
Menkaure hits you but does no damage. Menkaure closely misses you.
Casting: Freeze (safe; 1% risk of failure)
Confirm with . or Enter, or press ? or * to list all spells.
Okay, then.
Casting: Freeze (safe; 1% risk of failure)
Confirm with . or Enter, or press ? or * to list all spells.
Aiming: Stone Arrow (dangerous; 4% risk of failure)
Press: ? - help, Shift-Dir - straight line, f/p - Menkaure
Aim: Menkaure (heavily damaged, fast, 86% to hit)
You miscast Stone Arrow.
Nothing appears to happen.
* * * LOW HITPOINT WARNING * * *
Menkaure hits you!
You die...
Fedhas appreciates your contribution to the ecosystem.

#.# #.##### #.....# #.###.#
#.# #.# ######## #.# #.#
)......# #.# #.#############
.......####.###.(...........#
...............M@...........+
.........##.###.............#
..........#.# #.#############
.......##.#.###'#########
.......##.#.#...........#
........#.#.#...........#
........#M#.#...........#
........#.#.#...........#
###+....#.#.#....<......+


You could see Menkaure (fast).

Vanquished Creatures
  A black bear (D:4)
  An ogre (D:5)
  A phantom (D:3)
  2 scorpions (D:5)
  A hound (D:4)
  A jelly (D:4)
  2 orc priests (D:4)
  A gnoll bouda (D:4)
  2 iguanas (D:4)
  Terence (D:2)
  2 orc wizards (D:4)
  4 gnolls
  4 adders
  A shadow imp (D:6)
  2 dart slugs
  19 orcs (D:4)
  6 endoplasms
  A giant cockroach (D:4)
  7 goblins
  4 hobgoblins
  4 jackals (D:1)
  7 kobolds
  10 quokkas
  7 ball pythons
  9 bats
  A frilled lizard (D:2)
  4 rats
105 creatures vanquished.

Vanquished Creatures (others)
  245 foxfires
  20 plants
  5 withered plants (D:2)
270 creatures vanquished.

Grand Total: 375 creatures vanquished

Notes
Turn   | Place    | Note
-------+----------+-------------------------------------------
     0 | D:1      | unlimited1921 the Djinni Fire Elementalist began the quest
                  | for the Orb.
     0 | D:1      | unlimited1921 set off with the following spells memorised:
                  | Foxfire, Scorch, Conjure Flame, Inner Flame, Flame Wave.
     0 | D:1      | Reached XP level 1. HP: 15/15 MP: 0/0
   491 | D:1      | Reached XP level 2. HP: 14/21 MP: 0/0
  1031 | D:1      | Reached skill level 3 in Spellcasting
  1031 | D:1      | Reached XP level 3. HP: 20/25 MP: 0/0
  1031 | D:1      | Learned a level 1 spell: Freeze
  2661 | D:2      | Reached XP level 4. HP: 26/31 MP: 0/0
  2857 | D:2      | Found a faded altar of an unknown god.
  3439 | D:2      | Noticed Terence
  3445 | D:2      | Killed Terence
  3694 | D:2      | Reached XP level 5. HP: 26/35 MP: 0/0
  3694 | D:2      | Learned a level 2 spell: Poisonous Vapours
  4049 | D:3      | Identified the +0 helmet of Words of Power {rElec rCorr}
  4625 | D:3      | Noticed a phantom
  4640 | D:3      | Killed a phantom
  4641 | D:3      | Reached skill level 1 in Armour
  4641 | D:3      | Reached skill level 4 in Spellcasting
  4964 | D:3      | Found a blossoming altar of Fedhas.
  4981 | D:3      | Found a stormy altar of Qazlal.
  4991 | D:3      | Became a worshipper of Fedhas Madash
  5148 | D:3      | Reached XP level 6. HP: 37/40 MP: 0/0
  6357 | D:4      | Found Upimiamn's Magic Scroll Shop.
  6441 | D:4      | Bought a scroll of identify for 28 gold pieces
  6441 | D:4      | Bought a scroll of fear for 56 gold pieces
  6441 | D:4      | Bought a scroll of enchant weapon for 105 gold pieces
  6441 | D:4      | Bought a scroll of identify for 28 gold pieces
  6528 | D:4      | Reached * piety under Fedhas
  6529 | D:4      | Reached XP level 7. HP: 37/45 MP: 0/0
  6529 | D:4      | Learned a level 3 spell: Stone Arrow
  6671 | D:4      | You are sucked into a shaft and drop 2 floors!
  6684 | D:6      | Found a broken altar of Ashenzari.
  6708 | D:5      | Entered Level 5 of the Dungeon
  7021 | D:4      | Found a hazy altar of Hepliaklqana.
  7373 | D:4      | HP: 1/45 [hound (1)]
  7382 | D:4      | Reached skill level 5 in Spellcasting
  8015 | D:4      | Reached XP level 8. HP: 35/50 MP: 0/0
  8322 | D:5      | Noticed Menkaure
  8616 | D:5      | Mangled by Menkaure

Illustrated notes

Levels and vault maps discovered:
D:1:      shiori_arrival_elements, layout_basic
D:2:      layout_basic, shapermc_ecumenical_altar_flowoftime, serial_curves,
          eino_curves_03, eino_curves_04, minmay_nonomino_d4, uniq_terence
D:3:      layout_rooms, grunt_temple_overflow_forces_of_nature, led_sif_pool,
          grunt_decor_clamped, corexii_leaking_fountain
D:4:      layout_cave_pods, mainiacjoe_overflow_alcove_2, serial_shops,
          nicolae_shop_crystal, serial_bayou, serial_bayou_shore_a,
          serial_bayou_pond_e, serial_bayou_pond_a, serial_bayou_pond_a,
          st_stairs_12
D:5:      layout_basic, chequers_temple_overflow_statue_of_worship,
          uniq_menkaure
D:6:      gammafunk_steamed_eel, layout_basic, mainiacjoe_overflow_alcove_1,
          minmay_temple_entry_slanted, ebering_ghost_inner_flame,
          nzn_random_ring

Skill      XL: |  1  2  3  4  5  6  7 |
---------------+----------------------+-----
Spellcasting   | 3 4 5 |  5.7
Stealth        | 2 3 |  3.4
Armour         | 1 2 3 |  3.3
Dodging        | |  2.8
Evocations     | |  0.3

Action                   |  1- 3 |  4- 6 |  7- 9 || total
-------------------------+-------+-------+-------++-------
Melee: Rapier            |       |    30 |       ||    30
 Cast: Foxfire           |    64 |    75 |     7 ||   146
       Scorch            |     1 |    13 |     7 ||    21
       Inner Flame       |       |     8 |    13 ||    21
       Poisonous Vapours |       |    32 |    18 ||    50
       Stone Arrow       |       |       |     6 ||     6
       Conjure Flame     |       |       |     3 ||     3
       Freeze            |       |       |     3 ||     3
Evoke: Wand              |       |       |     4 ||     4
  Use: Scroll            |       |     6 |     1 ||     7
 Stab: Sleeping          |       |     1 |       ||     1
Armor: Leather armour    |       |     6 |     1 ||     7
Dodge: Dodged            |     4 |    17 |     2 ||    23
